 Dungeon Crawl Stone Soup version 0.31-a0-881-ge136f0c47a (webtiles) character file.

Game seed: 7120351471572015734

84 JayJaygamer2134567 the Shield-Bearer (level 4, -1/43 (45) HPs)
             Began as a Troll Fighter on Oct 15, 2023.
             Slain by a wight
             ... wielding a +4 great sword
              (17 damage)
             ... on level 3 of the Dungeon.
             The game lasted 00:06:52 (1492 turns).

JayJaygamer2134567 the Shield-Bearer (TrFi)         Turns: 1492, Time: 00:06:53

HP:   -1/43 (45)    AC:  4    Str: 26    XL:     4   Next: 23%
MP:   3/3           EV:  9    Int:  4    God:
Gold: 125           SH:  7    Dex:  9    Spells: 3/3 levels left

rFire   . .          .
                       - Unarmed
rCold   . . .        b - +0 kite shield
rNeg    . . .        a - +0 robe
rPois   .            (helmet restricted)
rElec   .            (no cloak)
rCorr   .            (gloves unavailable)
SInv    .            (boots unavailable)
Will    .....        (no amulet)
Stlth   +            (no ring)
HPRegen 1.07/turn    (no ring)
MPRegen 0.08/turn

%: no passive effects
@: lightly drained
A: large, unfitting armour, claws 3, regeneration 1, shaggy fur 1, tough skin 1
a: no special abilities


You were on level 3 of the Dungeon.
You visited 1 branch of the dungeon, and saw 3 of its levels.

You collected 125 gold pieces.

Inventory:

Armour
 a - a +0 robe (worn)
 b - a +0 kite shield (worn)
Scrolls
 g - 2 scrolls of fear
Potions
 c - 2 potions of might
 d - a potion of enlightenment
 e - 3 potions of curing
 f - a potion of brilliance {unknown}
 h - 3 potions of heal wounds
 i - a potion of degeneration {unknown}
 k - a potion of berserk rage {unknown}


   Skills:
 + Level 3.0 Fighting
 + Level 3.0 Dodging
 + Level 3.3 Shields
 * Level 2.8 Unarmed Combat


You had 3 spell levels left.
You didn't know any spells.
Your spell library contained the following spells:

 Spells                   Type           Power      Damage    Failure   Level
 Magic Dart               Conj           0%         1d3       75%         1
 Searing Ray              Conj           0%         2d4       87%         2
 Stone Arrow              Conj/Erth      0%         3d7       98%         3
 Animate Armour           Summ/Erth      0%         N/A       100%        4
 Fulminant Prism          Conj/Hex       0%         3d5       100%        4
 Lehudib's Crystal Spear  Conj/Erth      0%         10d2      100%        8


Dungeon Overview and Level Annotations

Branches:
Dungeon (3/15)

Altars:

Annotations:
D:3 Sigmund


Innate Abilities, Weirdness & Mutations

You are too large for most types of armour.
You have claws for hands.
Your natural rate of healing is unusually fast.
You are covered in fur. (AC +1)
You have tough skin. (AC +1)


Message History

You barely miss the ball python.
The ball python bites you but does no damage. x2
You scratch the ball python.
You kill the ball python!
You see here a ball python corpse.
Found 2 curare-tipped darts.
Found a dagger.
You see here a +0 dagger.
A bat comes into view.
g - 2 scrolls of fear (gained 1)
You now have 114 gold pieces (gained 8).
You see here 2 curare-tipped darts.
You block the bat's attack.
You completely miss the bat. The bat misses you.
A frilled lizard comes into view.
The frilled lizard hisses angrily.
The bat misses you.
The frilled lizard moves out of view.
The bat barely misses you. You block the bat's attack.
You closely miss the bat. The bat hits you but does no damage.
The bat hits you. The bat hits you but does no damage.
You claw the bat!
You kill the bat!
Your Fighting skill increases to level 3!
You claw the frilled lizard!
You kill the frilled lizard!
You now have 125 gold pieces (gained 11).
A wight comes into view. It is wielding a +4 great sword.
You scratch the wight but do no damage. The wight closely misses you.
You closely miss the wight.
The wight hits you with a +4 great sword!
You feel drained.
You scratch the wight but do no damage. The wight closely misses you.
You closely miss the wight.
The wight hits you with a +4 great sword!
You hear a shout!
You closely miss the wight.
Sigmund the Dreaded comes into view.
He is wielding a +0 scythe.
The wight hits you with a +4 great sword!
You die...

### .#.######.####
......z@.#...####
.#.####.###.....##
.@## ##.....# ###
##......#
#.......###
#..........#
###.....##.#
##.#.###.#####
#.#.........#


You could see Sigmund and a wight.

Vanquished Creatures
  2 adders (D:2)
  2 worms
  3 dart slugs
  5 ball pythons
  4 bats
  3 endoplasms
  3 giant cockroaches
  6 goblins
  5 hobgoblins
  5 quokkas
  2 frilled lizards
  3 kobolds
  7 rats
50 creatures vanquished.

Notes
Turn   | Place    | Note
-------+----------+-------------------------------------------
     0 | D:1      | JayJaygamer2134567 the Troll Fighter began the quest for
                  | the Orb.
     0 | D:1      | Reached XP level 1. HP: 22/22 MP: 0/0
    29 | D:1      | Found a faded altar of an unknown god.
    66 | D:1      | Reached XP level 2. HP: 10/29 MP: 1/1
   336 | D:1      | Reached XP level 3. HP: 36/36 MP: 2/2
   862 | D:2      | Reached XP level 4. HP: 44/44 MP: 3/3
  1492 | D:3      | Noticed Sigmund
  1492 | D:3      | Slain by a wight

Illustrated notes

Levels and vault maps discovered:
D:1:      eino_arrival_cavern_b, layout_rooms,
          chequers_ecumenical_altar_simple_redux, dreamdust_princess_corridor
D:2:      layout_basic, kennysheep_cluttered_room
D:3:      layout_loops_ring, nicolae_overflow_hidden_temple, serial_shops, shop,
          uniq_sigmund

Skill      XL: |  1  2  3  4 |
---------------+-------------+-----
Shields        | 3 |  3.3
Dodging        | 3 |  3.0
Fighting       | 3 |  3.0
Unarmed Combat | |  2.8

Action                     |  1- 3 |  4- 6 || total
---------------------------+-------+-------++-------
  Melee: Unarmed           |   102 |    31 ||   133
    Use: Scroll            |     3 |     5 ||     8
 Armour: Robe              |    61 |    14 ||    75
  Dodge: Dodged            |    47 |     6 ||    53
  Block: Kite shield       |    50 |     8 ||    58

Table legend: (Time is in decaauts)
 A = Elapsed time spent in this place.
 B = Non-inter-level travel time spent in this place.
 C = Inter-level travel time spent in this place.
 D = Time resting spent in this place.
 E = Time spent auto-exploring this place.
 F = Levels seen in this place.
 G = Mean time per level.
                   A        B        C        D        E       F      G
               +--------+--------+--------+--------+--------+-----+--------+
         Total |   1501 |   1286 |    215 |      0 |    976 |   3 |  500.3 |
       Dungeon |   1501 |   1286 |    215 |      0 |    976 |   3 |  500.3 |
               +--------+--------+--------+--------+--------+-----+--------+

Top non-repeatable levels by time:
     D:2: 702 daAuts
     D:1: 551 daAuts
     D:3: 248 daAuts
